Map: Orbital Shipyard

Players

FoxeR

  • Race: Terran Terran
  • League: Master

CharAznable - Winner!

  • Race: Terran Terran
  • League: Diamond

VOD

Have the link to the VOD?

Description

Time

  • Played on: Jan. 18, 2016, 11:23 p.m.
  • Length: 20:10
Show
View Real Time Build Order
Export as new Build Order

FoxeR Terran 

Build Orders: Cyclone Opening, MMM Bio 

Get SALT Encoding   

  12  0:01  SCV  
  13  0:13  SCV  
  14  0:18  Supply Depot  
  14  0:28  SCV  
  15  0:43  Barracks  
  15  0:44  SCV  
  15  0:47  Refinery  
  16  0:57  SCV  
  17  1:09  SCV  
  18  1:13  Refinery  
  18  1:21  SCV  
  19  1:32  Marine  
  20  1:33  Orbital Command  
  20  1:45  Factory  
  20  1:49  Marine  
  20  1:52  Supply Depot  
  21  2:00  SCV  
  22  2:07  Marine  
  23  2:14  SCV  
  24  2:26  Marine  
  24  2:28  SCV  
  26  2:30  Supply Depot  
  26  2:31  Factory Tech Lab  
  26  2:33  Starport  
  26  2:40  SCV  
  27  2:48  Marine  
  28  2:52  SCV  
  28  2:53  Cyclone  
  28  2:54  Engineering Bay  
  32  3:07  Marine  
  32  3:11  Medivac  
  35  3:14  Supply Depot  
  35  3:38  SCV  
  35  3:40  Missile Turret  
  36  3:42  Command Center, Stimpack  
  36  3:47  Factory Reactor  
  36  3:48  Marine  
  36  3:50  SCV  
  38  4:03  SCV  
  38  4:06  Marine  
  43  4:14  Barracks  
  43  4:15  SCV  
  43  4:16  Barracks  
  41  4:26  Marine  
  43  4:31  SCV  
  43  4:33  Medivac  
  43  4:36  Factory Reactor  
  45  4:43  SCV  
  45  4:44  Marine  
  47  4:54  Orbital Command  
  47  4:55  SCV  
  48  5:07  SCV  
  49  5:16  Barracks  
  49  5:18  Terran Infantry Weapons Level 1  
  49  5:19  SCV, Barracks  
  50  5:22  Supply Depot, SCV  
  51  5:31  Marine x2  
  51  5:35  Medivac  
  55  5:38  SCV x2, Factory Reactor, Marine x2  
  55  5:39  Marine  
  60  5:44  Combat Shields  
  60  5:49  Refinery  
  60  5:50  SCV  
  60  5:53  Marine  
  60  5:54  Marine  
  62  5:57  Marine  
  57  6:17  Marine  
  51  6:20  Marine x3  
  51  6:21  Barracks Reactor  
  51  6:22  Barracks Reactor  
  51  6:23  SCV x2  
  53  6:29  Armory  
  53  6:30  Refinery, Engineering Bay  
  53  6:31  Supply Depot  
  53  6:32  Marine  
  54  6:35  SCV x2, Marine  
  54  6:38  Marine  
  58  6:43  Factory Tech Lab, Marine x2  
  58  6:44  Medivac  
  58  6:45  Supply Depot  
  62  6:47  SCV  
  62  6:48  SCV  
  62  6:50  Marine  
  62  6:52  Marine  
  66  6:56  Marine  
  66  7:00  SCV  
  66  7:01  Marine x3  
  66  7:02  Marine  
  66  7:03  Marine x2  
  66  7:08  SCV  
  68  7:23  Marine x6  
  68  7:24  Marine x2  
  68  7:26  SCV x2  
  78  7:34  Medivac x2  
  77  7:41  Siege Tank  
  80  7:49  Marine x4  
  80  7:50  Marine x2  
  86  7:56  Terran Infantry Armor Level 1  
  86  7:57  Marine  
  87  7:58  Marine  
  87  8:03  Terran Infantry Weapons Level 2  
  88  8:08  Marine x3  
  88  8:21  SCV  
  88  8:25  Siege Tank  
  88  8:26  Marine x2  
  94  8:34  Marine  
  94  8:35  Supply Depot, Marine x3  
  94  8:40  Medivac  
  99  8:41  Marine  
  99  8:45  Marine  
  99  8:46  Marine  
  102  8:53  Supply Depot  
  102  8:57  Marine  
  103  9:03  Marine x2  
  103  9:06  Supply Depot  
  103  9:07  Marine x3  
  95  9:15  Marine x2  
  95  9:16  Marine  
  70  9:17  Marine  
  70  9:21  Marine x2, Medivac  
  72  9:25  Marine  
  72  9:29  Medivac  
  75  9:32  Marine  
  76  9:45  Marine x3  
  77  9:46  Marine x2  
  77  9:51  Medivac  
  83  9:54  Marine x2  
  83  9:55  Marine  
  83  9:56  Marine  
  87  10:01  Siege Tank  
  87  10:03  Marine x4  
  87  10:04  Marine  
  95  10:12  Marine x2  
  95  10:13  Marine  
  98  10:14  Marine  
  98  10:21  Marine x2  
  79  10:38  Marine x2  
  79  10:40  Marine x2  
  79  10:41  Siege Tank  
  82  10:46  Marine x2  
  77  11:04  Medivac x2  
  77  11:05  Marine x5  
  77  11:07  Marine x2  
  77  11:08  Marine  
  77  11:09  Marine  
  90  11:12  Terran Infantry Weapons Level 3  
  90  11:19  Orbital Command  
  90  11:23  Marine  
  90  11:24  Marine  
  92  11:25  Marine  
  92  11:26  Marine  
  92  11:31  Marine x2  
  96  11:34  Medivac  
  96  11:35  Marine  
  96  11:39  Terran Infantry Armor Level 2  
  99  11:43  Marine  
  100  11:50  Marine  
  101  11:55  Marine x3  
  102  12:05  Marine  
  102  12:06  Medivac, Marine x3  
  102  12:07  Medivac  
  102  12:08  Marine  
  111  12:09  Marine  
  111  12:12  Marine  
  113  12:22  Marine x2  
  115  12:26  Marine  
  115  12:30  Marine x3  
  118  12:40  Supply Depot  
  117  12:45  Marine x5  
  117  12:48  Supply Depot  
  117  12:49  Marine x4  
  126  13:01  Siege Tank, Medivac x2  
  126  13:02  Marine  
  134  13:10  Marine x8  
  142  13:18  Supply Depot  
  142  13:19  Supply Depot  
  142  13:20  Supply Depot  
  142  13:40  Siege Tank, Marine x9  
  147  13:57  Marine x2  
  145  14:06  Marine x2  
  147  14:12  Marine  
  145  14:20  Marine  
  145  14:28  Supply Depot  
  145  14:29  Terran Infantry Armor Level 3  
  145  14:30  Supply Depot  
  145  14:31  Supply Depot  
  145  14:32  Supply Depot  
  144  14:49  Marine x3  
  144  14:50  Siege Tank  
  144  14:51  Marine x4  
  154  14:53  Marine x2  
  154  14:54  Medivac x2  
  160  15:00  Supply Depot  
  160  15:01  Supply Depot  
  160  15:07  Marine x3  
  160  15:09  Marine x3  
  160  15:10  Marine  
  167  15:25  Marine x2  
  167  15:26  Medivac x2, Marine x2  
  174  15:33  Command Center  
  130  15:55  Marine  
  107  16:07  Marine x3  
  107  16:08  Siege Tank  
  107  16:10  Marine  
  107  16:11  Medivac, Marine x3  
  115  16:12  Medivac  
  115  16:14  Marine  
  115  16:15  Marine  
  122  16:25  Marine x3  
  125  16:28  Marine x3  
  125  16:29  Marine  
  125  16:31  Marine  
  130  16:33  Marine  
  131  16:41  Medivac  
  131  16:42  Marine  
  131  16:43  Siege Tank, Marine  
  138  16:50  Marine x2  
  138  16:51  Marine x3  
  143  17:01  Marine x3  
  144  17:02  Refinery  
  144  17:03  Refinery  
  122  17:39  Marine x4  
  122  17:40  Siege Tank  
  123  17:48  Marine x2  
  125  17:54  Marine  
  125  17:55  Marine x2  
  112  18:16  Marine  
  85  18:25  Marine x4  
  85  18:26  Siege Tank, Medivac x2  
  78  18:35  Marine x4  
  78  18:38  Marine  
  83  18:42  Marine  
  83  18:43  Marine x3  
  86  18:52  Marine  
  86  18:53  Marine x2  
  89  18:55  Marine x2  
  89  18:56  Medivac x2  
  95  19:13  Marine  
  92  19:26  Medivac  
  92  19:36  Marine  
  53  19:42  Marine x5  
  53  19:43  Marine x3  
Show
View Real Time Build Order
Export as new Build Order

CharAznable Terran - Winner!

Build Orders: Bio Tank 

Get SALT Encoding   

  12  0:01  SCV  
  13  0:13  SCV  
  14  0:17  Supply Depot  
  14  0:25  SCV  
  15  0:39  SCV  
  16  0:43  Barracks  
  16  0:45  Refinery  
  16  0:51  SCV  
  17  1:03  SCV  
  18  1:15  SCV  
  19  1:30  Barracks Reactor, Orbital Command  
  19  1:41  Command Center  
  19  1:50  Supply Depot  
  19  1:56  SCV  
  20  2:07  Factory  
  20  2:08  Marine x2  
  22  2:11  SCV  
  23  2:18  Refinery  
  23  2:24  SCV  
  23  2:25  Marine  
  23  2:26  Marine  
  26  2:36  SCV  
  27  2:48  SCV, Marine x2  
  30  2:53  Orbital Command  
  30  2:54  Factory Tech Lab  
  30  2:59  Starport  
  30  3:01  SCV  
  31  3:06  Marine x2  
  33  3:14  SCV  
  34  3:22  Siege Tank  
  34  3:24  SCV  
  34  3:26  SCV  
  34  3:27  Marine x2  
  39  3:31  Supply Depot  
  41  3:37  Viking  
  43  3:45  Marine x2  
  43  3:46  SCV  
  46  3:53  SCV  
  46  3:54  Siege Tank  
  49  4:00  SCV  
  50  4:05  SCV  
  50  4:07  Marine x2  
  52  4:15  Viking  
  54  4:18  Supply Depot  
  54  4:22  Barracks  
  54  4:40  SCV x2  
  56  4:49  Marine x2  
  56  4:50  Siege Tank  
  60  4:55  Medivac  
  60  4:57  Command Center  
  62  5:02  Supply Depot  
  62  5:04  Supply Depot  
  62  5:09  Barracks Tech Lab  
  62  5:18  Barracks  
  62  5:19  Engineering Bay  
  62  5:23  SCV x2, Marine x2  
  62  5:25  Refinery  
  62  5:28  Refinery  
  66  5:33  Starport Reactor  
  66  5:34  Siege Tank  
  69  5:36  SCV  
  69  5:38  SCV  
  69  5:39  Supply Depot  
  69  5:41  Marine  
  69  5:42  Marine x2  
  74  5:48  SCV  
  64  6:17  Barracks Reactor, Barracks Tech Lab, Orbital Command  
  63  6:32  Siege Tank, Medivac  
  66  6:33  Viking  
  66  6:38  Engineering Bay, Orbital Command  
  66  6:39  Stimpack, Barracks  
  70  6:40  Barracks  
  70  6:41  Marine x2  
  70  6:43  SCV  
  72  7:06  Marine  
  72  7:07  Marine x4  
  72  7:08  Siege Tank, Medivac  
  79  7:10  Terran Infantry Weapons Level 1  
  76  7:24  Marine  
  76  7:27  Marine x4  
  81  7:40  Viking, Medivac  
  81  7:42  Marine  
  86  7:44  Marine  
  86  7:45  Marine x2  
  89  7:51  SCV x2  
  89  7:52  SCV  
  92  8:03  SCV  
  92  8:04  SCV x2  
  95  8:16  SCV x3  
  94  8:21  Terran Infantry Armor Level 1  
  94  8:28  SCV x3  
  94  8:30  Barracks Reactor, Marine x2  
  94  8:32  Barracks Reactor  
  99  8:38  Marine  
  99  8:39  Combat Shields  
  99  8:40  SCV  
  101  8:42  Factory  
  101  8:43  Armory  
  101  8:45  Supply Depot  
  101  8:46  Supply Depot  
  101  8:47  Supply Depot  
  101  8:53  Barracks  
  101  9:04  Supply Depot  
  101  9:07  SCV x3, Marine x5  
  89  9:19  SCV x3  
  89  9:23  Marine x3  
  89  9:24  Marine  
  96  9:25  Medivac, Siege Tank, Marine x5  
  96  9:27  Viking  
  108  9:31  SCV  
  108  9:32  Widow Mine  
  108  9:35  Supply Depot x3  
  108  9:38  Refinery  
  111  9:41  Marine x2  
  113  9:48  Marine  
  113  9:49  Marine x6  
  120  9:59  Marine x2  
  121  10:06  Marine  
  119  10:07  Marine x4  
  119  10:08  Marine  
  124  10:20  Marine x2  
  124  10:21  Marine  
  127  10:24  Marine  
  127  10:25  Marine x2  
  113  10:33  Marine  
  87  10:39  Marine  
  85  10:48  Marine  
  85  10:49  Siege Tank x2, Marine x5  
  93  10:50  Barracks Reactor  
  92  11:00  Marine  
  81  11:08  SCV x3, Supply Depot  
  81  11:09  Barracks  
  81  11:10  Supply Depot  
  84  11:11  Refinery  
  84  11:16  Marine x3  
  84  11:17  Barracks Reactor  
  87  11:20  SCV x3  
  87  11:23  Viking, Terran Infantry Weapons Level 2, Medivac  
  87  11:24  Terran Infantry Armor Level 2  
  94  11:32  SCV  
  95  11:33  SCV x2  
  95  11:35  Siege Tank  
  95  11:37  Command Center, Terran Vehicle Weapons Level 1  
  100  11:41  Marine x5  
  100  11:42  Marine  
  100  11:43  Marine  
  100  11:44  SCV  
  100  11:45  SCV x2  
  110  11:57  Marine x6  
  110  11:59  Marine x6  
  122  12:05  Viking, Medivac  
  125  12:26  Marine  
  125  12:27  Barracks Reactor, Marine x10  
  125  12:28  Siege Tank x2  
  125  12:29  SCV  
  143  12:30  SCV x2  
  145  12:43  Marine  
  144  12:52  Marine, Medivac x2  
  144  12:53  Marine x2  
  144  12:54  Orbital Command  
  150  13:07  Marine  
  151  13:15  Marine  
  151  13:16  Marine x3  
  155  13:20  Marine x3  
  155  13:42  Marine  
  155  13:43  Marine x13  
  164  14:00  Marine  
  143  14:04  Marine  
  143  14:08  Marine  
  143  14:09  Marine x11  
  150  14:18  Marine  
  150  14:19  Siege Tank x2  
  150  14:20  Viking, Medivac  
  150  14:22  Marine  
  157  14:26  Marine  
  157  14:27  Marine x11  
  169  14:36  Marine  
  170  14:39  Marine  
  170  14:44  Marine  
  170  14:45  Marine x9  
  181  14:47  Command Center, Supply Depot  
  181  14:48  Supply Depot  
  181  14:49  Supply Depot  
  181  14:51  Supply Depot  
  181  14:58  Marine  
  181  14:59  Command Center  
  175  15:40  Marine  
  175  15:41  Marine x10  
  159  15:50  Marine x2  
  142  15:57  Marine  
  142  15:58  Marine  
  142  15:59  Marine x3  
  142  16:04  Marine x7  
  140  16:08  Marine x2  
  144  16:15  Marine  
  144  16:16  Marine x4  
  144  16:18  Planetary Fortress  
  149  16:21  Marine  
  149  16:22  Medivac x2, Marine x6  
  149  16:23  Terran Infantry Weapons Level 3, Terran Infantry Armor Level 3  
  160  16:25  Marine  
  160  16:26  Marine  
  162  16:32  Marine  
  162  16:34  Marine x2  
  165  16:42  Marine  
  165  16:43  Marine x9  
  165  16:44  Siege Tank, Marine  
  182  16:50  Marine  
  182  16:52  Marine x2  
  182  16:53  Command Center  
  185  17:00  Marine  
  185  17:01  Marine x3  
  187  17:03  Medivac x2  
  187  17:05  Siege Tank  
  193  17:09  Terran Vehicle Weapons Level 2  
  162  18:16  Marine  
  162  18:17  Marine x13  
  97  18:34  Marine  
  97  18:35  Marine x13  
  97  18:38  Siege Tank  
  97  18:39  Viking, Siege Tank, Barracks, Medivac  
  121  18:52  Marine x5  
  121  18:53  Marine x5  
  131  18:58  Marine  
  131  19:00  Marine  
  131  19:01  Marine x2  
  135  19:09  Viking, Medivac  
  138  19:10  Marine x10  
  138  19:11  Siege Tank  
  138  19:15  Marine  
  152  19:18  Marine  
  152  19:19  Marine x2  
  155  19:27  Marine  
  155  19:28  Marine x2  
  154  19:35  Marine x8  
  154  19:36  Marine  
  154  19:37  Marine  
  126  19:41  Marine  
  135  19:45  Marine  
  135  19:46  Marine x2  
Tags
 
Add a new tag
Caveats
  • Supply blocks, unpowered buildings, or Contaminate may cause inaccurate times.
  • Supply counts are checked every 10 seconds.